 Dungeon Crawl Stone Soup version 0.18-a0-1718-g40ea4b6 (webtiles) character file.

13726 packetloss the Blocker (level 12, -8/94 HPs)
             Began as a Formicid Fighter on Apr 7, 2016.
             Was an Initiate of Gozag.
             Mangled by an ice devil (26 damage)
             ... in an ice cave on Apr 8, 2016.
             The game lasted 04:47:54 (14184 turns).

packetloss the Blocker (Formicid Fighter)          Turns: 14184, Time: 04:48:05

Health: -8/94      AC: 14    Str: 30    XL:     12   Next: 36%
Magic:  4/4        EV: 15    Int: 16    God:    Gozag
Gold:   1430       SH: 13    Dex: 14    Spells: 0 memorised, 11 levels left

rFire  + . .     SeeInvis +     a - +9 war axe "Xazet" {antimagic, Int+2}
rCold  . . .     Gourm    .     n - +3 scale mail {rF+}
rNeg   . . .     Faith    .     c - +0 shield
rPois  .         Spirit   .     (helmet unavailable)
rElec  +         Dismiss  .     T - +0 cloak of the Assorted Lies {*Drain rElec Str+4 Int+3 Stlth+} (curse)
rCorr  +         Reflect  .     N - +0 pair of gloves
SustAt .         Harm     +     (no boots)
MR     +....                    U - amulet of harm
Stlth  ++........               D - +2 ring of dexterity
                                h - ring of resist corrosion

@: mighty, somewhat resistant to hostile enchantments, unstealthy
A: permanent stasis, dig shafts and tunnels, four strong arms, antennae 3
a: Dig, Shaft Self, Potion Petition, Call Merchant, Bribe Branch, Renounce
Religion


You were in an ice cave.
You worshipped Gozag.
Gozag was noncommittal.
You were not hungry.

You visited 2 branches of the dungeon, and saw 11 of its levels.
You also visited: Sewer, Ossuary and Ice Cave.

You collected 3631 gold pieces.
You spent 1035 gold pieces at shops.
You paid 1166 gold pieces to Gozag.

Inventory:

Hand Weapons
 a - the +9 war axe "Xazet" (weapon) {antimagic, Int+2}
   (You bought it in a shop on level 5 of the Dungeon)

   It disrupts the flow of magical energy around spellcasters and certain
   magical creatures (including the wielder).
   It affects your intelligence (+2).
 i - a +1 spear of venom
 o - a cursed +0 lajatang
 p - a +0 scimitar of flaming
 E - a +1 flail of protection
 H - a cursed -1 flail
 S - the +3 quarterstaff of Makhleb's Esteem {flame, rF+ MR+ Str+2 Int+2}
   (You took it off a centaur on level 8 of the Dungeon)

   It has been specially enchanted to burn those struck by it, causing extra
   injury to most foes and up to half again as much damage against particularly
   susceptible opponents.
   It affects your strength (+2).
   It affects your intelligence (+2).
   It protects you from fire.
   It affects your resistance to hostile enchantments.
 X - a +1 triple sword of freezing
Missiles
 k - 2 throwing nets (quivered)
 M - 4 poisoned tomahawks
Armour
 c - a +0 shield (worn)
 n - a +3 scale mail of fire resistance (worn)
 N - a +0 pair of gloves (worn)
 T - the cursed +0 cloak of the Assorted Lies (worn) {*Drain rElec Str+4 Int+3 Stlth+}
   (You bought it in a shop on level 9 of the Dungeon)

   It affects your strength (+4).
   It affects your intelligence (+3).
   It insulates you from electricity.
   It causes draining when unequipped.
   It makes you more stealthy.
   It has a curse placed upon it.
 V - a +1 chain mail of cold resistance
Jewellery
 h - a ring of resist corrosion (left hand)
 u - an uncursed amulet of magic regeneration
 D - a +2 ring of dexterity (right hand)
 U - an amulet of harm (around neck)
Wands
 g - a wand of paralysis (21/24)
 B - a wand of flame (13/48)
 F - a wand of polymorph (7/24)
 I - a wand of flame (0/48)
 R - a wand of acid (5/15)
Scrolls
 b - 4 scrolls of enchant armour
 j - 9 scrolls of remove curse
 q - 2 scrolls of recharging
 t - a scroll of magic mapping
 w - a scroll of fog
 y - a scroll of fear
 z - a scroll of enchant weapon
 A - a scroll of identify
 P - a scroll of random uselessness {unknown}
 Q - a scroll of amnesia
Potions
 d - 2 potions of might
 e - 2 potions of agility
 l - 4 potions of curing
 m - 2 potions of flight
 r - 2 potions of magic
 x - 2 potions of brilliance
 G - a potion of mutation {unknown}
 J - 2 potions of ambrosia
 O - 3 potions of cancellation {unknown}
Books
 C - a book of Death

   Spells                             Type                      Level
   a - Corpse Rot                     Necromancy                   2
   b - Sublimation of Blood           Necromancy                   2
   c - Agony                          Necromancy                   5
   d - Dispel Undead                  Necromancy                   5
   e - Excruciating Wounds            Charms/Necromancy            5
   f - Bolt of Draining               Conjuration/Necromancy       5
 L - a book of Ice

   Spells                             Type                      Level
   a - Ice Form                       Ice/Transmutation            4
   b - Metabolic Englaciation         Hexes/Ice                    5
   c - Ozocubu's Refrigeration        Ice                          6
   d - Bolt of Cold                   Conjuration/Ice              6
   e - Freezing Cloud                 Conjuration/Ice/Air          6
   f - Simulacrum                     Ice/Necromancy               6
Miscellaneous
 W - a plain deck of summoning
Comestibles
 f - 4 bread rations
 v - 2 meat rations
 K - 5 fruits


   Skills:
 + Level 8.6 Fighting
 * Level 8.3(9.1) Axes
 + Level 5.5(7.7) Maces & Flails
 + Level 8.9 Armour
 + Level 7.9 Dodging
 + Level 3.6 Stealth
 + Level 11.2 Shields
 + Level 0.2 Evocations


You had 11 spell levels left.
You didn't know any spells.

Dungeon Overview and Level Annotations

Branches:
Dungeon (9/15)             Temple (0/1) D:4             Orc (2/2) D:9
    Elf (0/3) Orc:2
   Lair: D:8-11

Altars:
Ashenzari
Cheibriados
Dithmenos
Elyvilon
Fedhas
Gozag
Kikubaaqudgha
Nemelex Xobeh
Okawaru
Ru
Trog
Vehumet
Xom
Yredelemnul
The Shining One
Beogh

Shops:
D:4 (   D:5 (   D:9 [


Innate Abilities, Weirdness & Mutations

You are under a permanent stasis effect.
You can dig through walls and to a lower floor.
Your four strong arms can wield two-handed weapons with a shield.
You have a pair of large antennae on your head (SInv).


Message History

Drink which item? (? for menu, Esc to quit)
You feel much better.
Drink which item? (? for menu, Esc to quit)
You feel very mighty all of a sudden. The ice devil hits you!
* * * LOW HITPOINT WARNING * * *
The ice devil freezes you!!
* * * LOW HITPOINT WARNING * * *
Drink which item? (? for menu, Esc to quit)
You feel much better. You block the ice devil's attack.
You slash the ice devil!
The ice devil is moderately wounded.
You block the ice devil's attack.
You slice the ice devil!!
The ice devil is almost dead.
The ice devil hits you!
* * * LOW HITPOINT WARNING * * *
The ice devil freezes you!!
You die...
Your body crumbles into a pile of gold.

.####......##
.........###
.......###
......##
####...###
###...##
######....##
.##..)##.@.##
......)###4.#
##.....##...#
#....####§.##
##.###§§§###
.###§§§§##
...§§§###
...§###


You could see an ice devil.

Vanquished Creatures
  Erica (D:8)
  An orc knight (Orc:1)
  An orc sorcerer (Orc:1)
  The ghost of packetloss the Covert, a novice OpAs (Ossuary)
  Psyche (D:8)
  2 ice statues (IceCv)
  8 ice devils (IceCv)
  2 trolls
  A two-headed ogre (Orc:1)
  Sigmund (D:5)
  5 yaks (D:9)
  Grum (D:8)
  A warg (Orc:1)
  2 water moccasins
  2 black bears
  10 orc warriors
  10 ice beasts
  4 sky beasts
  9 ogres
  2 necrophages
  3 phantoms
  2 wolves
  3 centaurs (D:8)
  6 big kobolds
  Blork the orc (D:5)
  7 giant frogs
  2 gnoll sergeants (D:9)
  A water moccasin skeleton (D:8)
  2 scorpions
  2 jellies
  4 crimson imps
  A centaur zombie (D:6)
  A giant frog zombie (D:6)
  2 hounds
  2 quasits
  6 orc priests
  Ijyb (D:2)
  3 iguanas
  4 worker ants
  10 orc wizards
  Terence (D:2)
  2 hound skeletons
  2 worker ant zombies
  Robin (D:2)
  2 mummies (Ossuary)
  8 gnolls
  2 howler monkey skeletons (D:7)
  19 adders
  5 river rats (Sewer)
  5 shadow imps
  8 white imps (IceCv)
  5 ufetubi (IceCv)
  3 oozes
  An adder skeleton (D:7)
  2 worms
  A dart slug (D:1)
  8 giant geckos
  46 orcs
  3 giant cockroaches
  5 gnoll zombies (Ossuary)
  19 goblins
  6 hobgoblins
  25 jackals
  11 kobolds
  6 quokkas
  14 ball pythons
  7 bats
  A giant gecko zombie (D:5)
  6 giant newts
  A goblin zombie (Ossuary)
  4 hobgoblin zombies (Ossuary)
  4 orc zombies (Ossuary)
  A quokka skeleton (D:5)
  26 rats
388 creatures vanquished.

Vanquished Creatures (others)
  3 white imps (IceCv)
  An ufetubus (IceCv)
4 creatures vanquished.

Grand Total: 392 creatures vanquished

Notes
Turn   | Place    | Note
--------------------------------------------------------------
     0 | D:1      | packetloss the Formicid Fighter began the quest for the Orb.
     0 | D:1      | Reached XP level 1. HP: 18/18 MP: 1/1
    42 | D:1      | Reached XP level 2. HP: 23/24 MP: 2/2
   438 | D:1      | Reached XP level 3. HP: 27/29 MP: 3/3
   777 | D:2      | Noticed Ijyb
   784 | D:2      | Killed Ijyb
   784 | D:2      | Reached skill level 4 in Shields
   784 | D:2      | Reached XP level 4. HP: 35/37 MP: 4/4
   785 | D:2      | Reached skill level 1 in Dodging
   839 | D:2      | Found a faded altar to an unknown god.
  1128 | D:2      | Noticed Terence
  1161 | D:2      | Killed Terence
  1161 | D:2      | Reached XP level 5. HP: 28/42 MP: 5/5
  1252 | D:2      | Noticed Robin
  1288 | D:2      | Killed Robin
  1348 | D:2      | Found an opulent altar of Gozag.
  1381 | D:2      | Became a worshipper of Gozag Ym Sagoz the Greedy
  1646 | D:3      | Noticed an ice beast
  1660 | D:3      | Killed an ice beast
  1660 | D:3      | Reached skill level 1 in Stealth
  1660 | D:3      | Reached skill level 5 in Shields
  1660 | D:3      | Reached XP level 6. HP: 22/48 MP: 6/6
  1912 | D:3      | Found a shattered altar of Ashenzari.
  2231 | D:3      | Noticed an ogre
  2510 | D:3      | Found a sacrificial altar of Ru.
  2557 | D:4      | Noticed a phantom
  2617 | D:3      | Killed an ogre
  2617 | D:3      | Reached skill level 5 in Armour
  2617 | D:3      | Reached XP level 7. HP: 48/55 MP: 7/7
  2644 | D:4      | Found a staircase to the Ecumenical Temple.
  2673 | D:4      | Found a sand-covered staircase.
  2677 | Ossuary  | Entered an ossuary
  2678 | Ossuary  | Noticed packetloss's ghost (novice OpAs)
  2769 | Ossuary  | Killed packetloss's ghost
  2769 | Ossuary  | Reached skill level 6 in Shields
  2769 | Ossuary  | Reached XP level 8. HP: 19/61 MP: 8/8
  3186 | D:4      | Found a glowing drain.
  3193 | Sewer    | Entered a sewer
  4091 | Sewer    | Reached skill level 5 in Fighting
  4528 | D:4      | Reached skill level 7 in Shields
  4567 | D:4      | Found Vunuut's Weapon Shop.
  4783 | D:4      | Reached XP level 9. HP: 41/68 MP: 9/9
  5108 | D:5      | Entered Level 5 of the Dungeon
  5250 | D:5      | Found a white marble altar of Elyvilon.
  5332 | D:5      | Reached skill level 5 in Dodging
  5369 | D:5      | Bought a +1 flail of protection for 112 gold pieces
  5503 | D:5      | Noticed Sigmund
  5516 | D:5      | Killed Sigmund
  5556 | D:5      | Found a snail-covered altar of Cheibriados.
  5716 | D:5      | Noticed Blork the orc
  5728 | D:5      | Killed Blork the orc
  6427 | D:6      | Reached skill level 8 in Shields
  6685 | D:6      | Found a basalt altar of Yredelemnul.
  7354 | D:7      | Reached XP level 10. HP: 76/76 MP: 10/10
  7421 | D:7      | Found a radiant altar of Vehumet.
  7504 | D:7      | Found a bloodstained altar of Trog.
  7504 | D:7      | Found a shadowy altar of Dithmenos.
  7635 | D:7      | Found a shimmering altar of Xom.
  7635 | D:7      | Found an iron altar of Okawaru.
  7636 | D:7      | Found an ancient bone altar of Kikubaaqudgha.
  7644 | D:7      | Found a blossoming altar of Fedhas.
  8173 | D:8      | Reached skill level 9 in Shields
  8181 | D:8      | Reached skill level 5 in Maces & Flails
  8235 | D:8      | Noticed Grum
  8243 | D:8      | Noticed Erica
  8634 | D:8      | Noticed Psyche
  9173 | D:9      | Found a sparkling altar of Nemelex Xobeh.
  9476 | D:5      | Bought the +9 war axe "Xazet" {antimagic, Int+2} for 667 gold pieces
  9885 | D:8      | Killed Grum
 10002 | D:8      | Killed Erica
 10109 | D:8      | Killed Psyche
 10187 | D:8      | Reached XP level 11. HP: 51/84 MP: 3/11
 10328 | D:8      | Got an uncursed translucent quarterstaff {flame}
 10330 | D:8      | Identified the +3 quarterstaff of Makhleb's Esteem {flame, rF+ MR+ Str+2 Int+2} (You took it off a centaur on level 8 of the Dungeon)
 10710 | D:9      | Bought an ichor-stained cloak for 256 gold pieces
 10715 | D:9      | Identified the cursed +0 cloak of the Assorted Lies {*Drain rElec Str+4 Int+3 Stlth+} (You bought it in a shop on level 9 of the Dungeon)
 10768 | D:9      | Reached skill level 10 in Shields
 10925 | D:9      | Found a glowing golden altar of the Shining One.
 10961 | D:9      | Reached skill level 5 in Axes
 11230 | D:9      | Found a staircase to the Orcish Mines.
 11755 | Orc:1    | Entered Level 1 of the Orcish Mines
 11834 | Orc:1    | Found a roughly hewn altar of Beogh.
 11976 | Orc:1    | Noticed an orc knight
 11991 | Orc:1    | Killed an orc knight
 12354 | Orc:1    | Noticed an orc sorcerer
 12364 | Orc:1    | Killed an orc sorcerer
 12506 | Orc:2    | Entered Level 2 of the Orcish Mines
 12523 | Orc:2    | Found a staircase to the Elven Halls.
 12524 | Orc:2    | Found a frozen archway.
 12538 | Orc:2    | Reached XP level 12. HP: 77/92 MP: 4/12
 12557 | IceCv    | Entered an ice cave
 12660 | IceCv    | Reached skill level 11 in Shields
 14184 | IceCv    | Mangled by an ice devil

Vault maps used:
D:1:      scummos_arrival_checkerplants, supply_closet_lemuel
D:2:      nicolae_overflow_hidden_temple, ecumenical_altar_1, first_bread,
          uniq_iyjb, uniq_terence, uniq_robin
D:3:      kennysheep_six_static_rooms, nicolae_ru_the_path_less_chosen,
          nicolae_overflow_crystal_walls, grunt_decor_arrowhead
D:4:      minmay_temple_entry_statues_pillars, lightli_sewer_entry_pipes,
          enter_ossuary_5, serial_shops, nicolae_shop_waterfront
D:5:      overflow_temple_1_default, slow_altar_1, uniq_blork_the_orc,
          uniq_sigmund
D:6:      lemuel_round_altar
D:7:      gammafunk_temple_overflow_pools, vehumet_altar_wand_db,
          nicolae_overflow_quartered_altars
D:8:      blue_anna_alchemist, uniq_grum, uniq_erica, uniq_psyche
D:9:      marbit_many_paths, kennysheep_little_box,
          kennysheep_orc_monster_closet_entryway
Orc:1:    basic_altar
Orc:2:    st_orc_mages, portal_ice_cave_entry_ice_beasts, nicolae_orc_rich_vein
Sewer:    sewer_minmay_w
Ossuary:  minmay_ossuary_gauntlet
IceCv:    ice_cave_small_demon

Skill      XL: |  1  2  3  4  5  6  7  8  9 10 11 12 |
---------------+-------------------------------------+-----
Shields        | 4 5 6 7 8 9 10 11 | 11.2
Dodging        | 1 2 3 4 6 7 |  7.9
Armour         | 4 5 6 7 8 |  8.9
Fighting       | 4 5 6 7 8 |  8.6
Stealth        | 1 2 3 |  3.6
Maces & Flails | 3 4 5 |  5.5
Axes           | 3 7 8 |  8.3
Evocations     | |  0.2

Action                   |  1- 3 |  4- 6 |  7- 9 | 10-12 || total
-------------------------+-------+-------+-------+-------++-------
Melee: Flail             |    70 |       |   625 |   210 ||   905
       Spear             |    10 |   237 |   102 |       ||   349
       War axe           |       |       |       |   411 ||   411
Invok: Call Merchant     |       |       |     1 |     1 ||     2
 Abil: Dig               |       |     3 |    19 |    11 ||    33
Evoke: Wand              |       |       |       |     2 ||     2
  Use: Scroll            |       |     7 |    10 |     7 ||    24
       Potion            |       |       |     3 |     9 ||    12
 Stab: Distracted        |       |       |     4 |     5 ||     9
  Eat: Chunk             |       |     2 |       |       ||     2
       Beef jerky        |       |     1 |     5 |       ||     6
       Bread ration      |       |     1 |     1 |       ||     2
       Meat ration       |       |       |     1 |     1 ||     2
       Fruit             |       |       |       |    24 ||    24
       Pizza             |       |       |       |     1 ||     1
